TOP OF THE 1ST |
Los Cabos Cartel batting - Pitching for New York Knights : RHP Elton Johnston
|
Pitching: RHP Elton Johnston
|
|
Batting: RHB Fernando Martínez
|
0-0: DOUBLE (Line Drive, 7LM)
|
Batting: LHB Willie Wallace
|
0-0: Foul Ball, location: 2F 0-1: Ball 1-1: 2-RUN HOME RUN (Flyball, 9D), Distance : 384 ft
|
Batting: SHB Julián Madrid
|
0-0: Ball 1-0: Fly out, F8 (Flyball, 8RM)
|
Batting: LHB Miguel Rivería
|
0-0: Foul Ball, location: 2F 0-1: Ball 1-1: Swinging Strike 1-2: SINGLE (Flyball, 8RS)
|
Batting: RHB Stephen Wilson
|
0-0: Ball 1-0: Ball 2-0: Ball 3-0: Base on Balls Miguel Rivería to second
|
Batting: LHB Luis González
|
0-0: Grounds into double play, 4-6-3 (Groundball, 4)
|
Top of the 1st over - 2 run(s), 3 hit(s), 0 error(s), 1 left on base; Los Cabos 2 - New York 0 |
BOTTOM OF THE 1ST |
New York Knights batting - Pitching for Los Cabos Cartel : RHP Albert Gonzáles
|
Pitching: RHP Albert Gonzáles
|
|
Batting: LHB Warren Potter
|
0-0: SINGLE (Groundball, 5D)
|
Batting: RHB Pepe Carrasco
|
0-0: Foul Ball, location: 2F 0-1: Foul Ball, location: 2F 0-2: Ball Warren Potter is caught stealing 2nd base 1-2: Ball 2-2: Foul Ball, location: 2F 2-2: Ball 3-2: Base on Balls
|
Batting: LHB Troy Donaldson
|
0-0: Swinging Strike 0-1: Ball 1-1: Ball 2-1: SINGLE (Line Drive, 5) Pepe Carrasco to second
|
Batting: SHB Marvin Harris
|
0-0: Called Strike 0-1: Ball 1-1: Ball 2-1: Ball 3-1: Foul Ball, location: 2F 3-2: Grounds into double play, 3-6-1 (Groundball, 34)
|
Bottom of the 1st over - 0 run(s), 2 hit(s), 0 error(s), 1 left on base; Los Cabos 2 - New York 0 |
TOP OF THE 2ND |
Los Cabos Cartel batting - Pitching for New York Knights : RHP Elton Johnston
|
Batting: RHB Edward Young
|
0-0: Swinging Strike 0-1: Ball 1-1: Called Strike 1-2: Ball 2-2: Foul Ball, location: 2F 2-2: Strikes out swinging
|
Batting: RHB Wilbert Rodgers
|
0-0: Ball 1-0: Ball 2-0: Ball 3-0: Base on Balls
|
Batting: RHB José Hernández
|
0-0: Ball 1-0: Called Strike 1-1: Foul Ball, location: 2F 1-2: Ball 2-2: Foul Ball, location: 2F 2-2: Ball 3-2: Strikes out swinging
|
Batting: RHB Fernando Martínez
|
0-0: Called Strike 0-1: Ball 1-1: Ball 2-1: Ball 3-1: Ground out 5-3 (Groundball, 56S)
|
Top of the 2nd over - 0 run(s), 0 hit(s), 0 error(s), 1 left on base; Los Cabos 2 - New York 0 |
BOTTOM OF THE 2ND |
New York Knights batting - Pitching for Los Cabos Cartel : RHP Albert Gonzáles
|
Batting: LHB Nicholas Alston
|
0-0: Ball 1-0: Ground out 4-3 (Groundball, 4)
|
Batting: RHB Yasuhiko Sumita
|
0-0: Ball 1-0: Called Strike 1-1: Called Strike 1-2: Ground out 4-3 (Groundball, 4)
|
Batting: LHB Dan Hamilton
|
0-0: Foul Ball, location: 2F 0-1: Called Strike 0-2: Ball 1-2: Foul Ball, location: 2F 1-2: Fly out, F7 (Flyball, 7)
|
Bottom of the 2nd over - 0 run(s), 0 hit(s), 0 error(s), 0 left on base; Los Cabos 2 - New York 0 |
TOP OF THE 3RD |
Los Cabos Cartel batting - Pitching for New York Knights : RHP Elton Johnston
|
Batting: LHB Willie Wallace
|
0-0: Called Strike 0-1: Called Strike 0-2: SINGLE (Groundball, 4D)
|
Batting: SHB Julián Madrid
|
0-0: Foul Ball, location: 2F 0-1: Ball 1-1: Foul Ball, location: 2F 1-2: Ball 2-2: Ball 3-2: Foul Ball, location: 2F 3-2: Foul Ball, location: 2F 3-2: Base on Balls Willie Wallace to second
|
Batting: LHB Miguel Rivería
|
0-0: Foul Ball, location: 2F 0-1: Ball 1-1: Grounds into double play, 4-6-3 (Groundball, 4M) Willie Wallace to third
|
Batting: RHB Stephen Wilson
|
0-0: Ball Wild Pitch! Willie Wallace scores 1-0: Ball 2-0: Called Strike 2-1: Foul Ball, location: 2F 2-2: Ball 3-2: Foul Ball, location: 2F 3-2: Ground out 5-3 (Groundball, 56)
|
Top of the 3rd over - 1 run(s), 1 hit(s), 0 error(s), 0 left on base; Los Cabos 3 - New York 0 |
BOTTOM OF THE 3RD |
New York Knights batting - Pitching for Los Cabos Cartel : RHP Albert Gonzáles
|
Batting: RHB Júlio Trinidad
|
0-0: Called Strike 0-1: Ball 1-1: Ball 2-1: Ball 3-1: Fly out, F9 (Flyball, 9LSF)
|
Batting: LHB Marcos Pérez
|
0-0: Ball 1-0: Called Strike 1-1: Foul Ball, location: 2F 1-2: Strikes out looking
|
Batting: LHB Warren Potter
|
0-0: DOUBLE (Line Drive, 9LM)
|
Batting: RHB Pepe Carrasco
|
0-0: Ball Wild Pitch! Warren Potter to third 1-0: Fly out, F7 (Flyball, 7D)
|
Bottom of the 3rd over - 0 run(s), 1 hit(s), 0 error(s), 1 left on base; Los Cabos 3 - New York 0 |
TOP OF THE 4TH |
Los Cabos Cartel batting - Pitching for New York Knights : RHP Elton Johnston
|
Batting: LHB Luis González
|
0-0: Ball 1-0: Called Strike 1-1: Called Strike 1-2: Ball 2-2: Ground out 4-3 (Groundball, 4D)
|
Batting: RHB Edward Young
|
0-0: SINGLE (Groundball, 6M) (infield hit)
|
Batting: RHB Wilbert Rodgers
|
0-0: Ball 1-0: Called Strike Edward Young steals 2nd base 1-1: Ball 2-1: Fly out, F8 (Line Drive, 8LD) Runner from 2nd tags up, SAFE at 3rd, no throw
|
Batting: RHB José Hernández
|
0-0: Ball 1-0: Swinging Strike 1-1: Ball 2-1: Foul Ball, location: 2F 2-2: Foul Ball, location: 2F 2-2: Foul Ball, location: 2F 2-2: Foul Ball, location: 2F 2-2: Foul Ball, location: 2F 2-2: Fly out, F8 (Line Drive, 8RM)
|
Top of the 4th over - 0 run(s), 1 hit(s), 0 error(s), 1 left on base; Los Cabos 3 - New York 0 |
BOTTOM OF THE 4TH |
New York Knights batting - Pitching for Los Cabos Cartel : RHP Albert Gonzáles
|
Batting: LHB Troy Donaldson
|
0-0: SINGLE (Groundball, 56D)
|
Batting: SHB Marvin Harris
|
0-0: Ball 1-0: Fly out, F9 (Flyball, 9S)
|
Batting: LHB Nicholas Alston
|
0-0: Called Strike 0-1: Swinging Strike 0-2: Ball 1-2: Ball 2-2: SINGLE (Line Drive, 7S) Troy Donaldson to second
|
Batting: RHB Yasuhiko Sumita
|
0-0: Called Strike 0-1: Ball 1-1: Called Strike 1-2: Ball 2-2: SINGLE (Flyball, 89S) Troy Donaldson to third Nicholas Alston to second
|
Batting: LHB Dan Hamilton
|
0-0: Ball 1-0: Called Strike 1-1: Ball 2-1: Called Strike 2-2: Ball 3-2: Strikes out swinging
|
Batting: RHB Júlio Trinidad
|
0-0: Ball 1-0: Ball 2-0: Called Strike 2-1: Ball 3-1: Foul Ball, location: 2F 3-2: SINGLE (Groundball, 56D) Troy Donaldson scores Nicholas Alston to third Yasuhiko Sumita to second Nicholas Alston scores Yasuhiko Sumita to third
|
Batting: LHB Marcos Pérez
|
0-0: Called Strike 0-1: Fielders Choice at 2nd, 6-4 (Groundball, 6)
|
Bottom of the 4th over - 2 run(s), 4 hit(s), 0 error(s), 1 left on base; Los Cabos 3 - New York 2 |
TOP OF THE 5TH |
Los Cabos Cartel batting - Pitching for New York Knights : RHP Elton Johnston
|
Pitching: LHP Phil Davis
|
|
Batting: RHB Fernando Martínez
|
0-0: Called Strike 0-1: Called Strike 0-2: Strikes out swinging, 2-3 out at first.
|
Batting: LHB Willie Wallace
|
0-0: Ball 1-0: Foul Ball, location: 2F 1-1: Ball 2-1: Foul Ball, location: 2F 2-2: Foul Ball, location: 2F 2-2: Strikes out swinging
|
Batting: SHB Julián Madrid
|
0-0: Ball 1-0: Called Strike 1-1: Foul Ball, location: 2F 1-2: Ball 2-2: Ball 3-2: Base on Balls
|
Batting: LHB Miguel Rivería
|
0-0: Ball 1-0: Called Strike 1-1: Swinging Strike 1-2: Strikes out looking
|
Top of the 5th over - 0 run(s), 0 hit(s), 0 error(s), 1 left on base; Los Cabos 3 - New York 2 |
BOTTOM OF THE 5TH |
New York Knights batting - Pitching for Los Cabos Cartel : RHP Albert Gonzáles
|
Pitching: RHP Pedro Magana
|
|
Batting: LHB Warren Potter
|
0-0: Ball 1-0: SINGLE (Groundball, 34D)
|
Batting: RHB Pepe Carrasco
|
0-0: Ball 1-0: Ground out 6-3 (Groundball, 6S) Warren Potter to second
|
Batting: LHB Troy Donaldson
|
0-0: Ball Warren Potter is caught stealing 3rd base 1-0: Fly out, F7 (Flyball, 7S)
|
Bottom of the 5th over - 0 run(s), 1 hit(s), 0 error(s), 0 left on base; Los Cabos 3 - New York 2 |
TOP OF THE 6TH |
Los Cabos Cartel batting - Pitching for New York Knights : LHP Phil Davis
|
Batting: RHB Stephen Wilson
|
0-0: Ball 1-0: Ball 2-0: Ball 3-0: Called Strike 3-1: Base on Balls
|
Batting: LHB Luis González
|
0-0: Ball 1-0: Called Strike 1-1: Ball 2-1: Ball 3-1: Base on Balls Stephen Wilson to second
|
Batting: RHB Edward Young
|
0-0: Called Strike 0-1: Called Strike 0-2: Foul Ball, location: 2F 0-2: Ball 1-2: Strikes out swinging
|
Batting: RHB Wilbert Rodgers
|
0-0: Called Strike 0-1: Foul Ball, location: 2F 0-2: Ball 1-2: Foul Ball, location: 2F 1-2: Foul Ball, location: 2F 1-2: Fly out, F8 (Flyball, 8LM)
|
Batting: RHB José Hernández
|
0-0: Swinging Strike 0-1: Foul Ball, location: 2F 0-2: Ball 1-2: Ball 2-2: Ball 3-2: DOUBLE (Groundball, 5L) Stephen Wilson scores Luis González to third Luis González scores
|
Pitching: RHP José Gómez
|
|
Pinch Hitting: SHB Rob Grun
|
0-0: Called Strike 0-1: Called Strike 0-2: Ball 1-2: Ball 2-2: Strikes out looking
|
Top of the 6th over - 2 run(s), 1 hit(s), 0 error(s), 1 left on base; Los Cabos 5 - New York 2 |
BOTTOM OF THE 6TH |
New York Knights batting - Pitching for Los Cabos Cartel : RHP Pedro Magana
|
Now in LF: Rob Grun
|
|
Batting: SHB Marvin Harris
|
0-0: Called Strike 0-1: Ball 1-1: Foul Ball, location: 2F 1-2: Ground out 1-3 (Groundball, 15S)
|
Batting: LHB Nicholas Alston
|
0-0: Foul Ball, location: 2F 0-1: Called Strike 0-2: Ball 1-2: Strikes out swinging
|
Batting: RHB Yasuhiko Sumita
|
0-0: Swinging Strike 0-1: Called Strike 0-2: Ball 1-2: Ball 2-2: Foul Ball, location: 2F 2-2: Fly out, F8 (Line Drive, 8RM)
|
Bottom of the 6th over - 0 run(s), 0 hit(s), 0 error(s), 0 left on base; Los Cabos 5 - New York 2 |
TOP OF THE 7TH |
Los Cabos Cartel batting - Pitching for New York Knights : RHP José Gómez
|
Pinch Hitting: LHB Marc Brown
|
0-0: Fly out, F3 (Line Drive, 34)
|
Batting: SHB Julián Madrid
|
0-0: Called Strike 0-1: Ball 1-1: Called Strike 1-2: Ball 2-2: Foul Ball, location: 2F 2-2: Foul Ball, location: 2F 2-2: Ball 3-2: Fly out, F7 (Flyball, 78D)
|
Batting: RHB Yasuhiro Kobayashi
|
0-0: Ball 1-0: Called Strike 1-1: Ground out 5-3 (Groundball, 56)
|
Top of the 7th over - 0 run(s), 0 hit(s), 0 error(s), 0 left on base; Los Cabos 5 - New York 2 |
BOTTOM OF THE 7TH |
New York Knights batting - Pitching for Los Cabos Cartel : RHP Pedro Magana
|
Now at 1B: Marc Brown
|
|
Batting: LHB Dan Hamilton
|
0-0: TRIPLE (Flyball, 8RD)
|
Batting: RHB Júlio Trinidad
|
0-0: Ball 1-0: SINGLE (Groundball, 5S) (infield hit) Dan Hamilton scores
|
Pitching: LHP António Martínez
|
|
Batting: LHB Marcos Pérez
|
0-0: Sac Bunt - play at first, batter OUT! 1-3 Júlio Trinidad to second
|
Pitching: LHP Tom Miller
|
|
Pinch Hitting: RHB Steve Sampson
|
0-0: Called Strike 0-1: Ball 1-1: Swinging Strike 1-2: Ball 2-2: Strikes out swinging
|
Pinch Hitting: RHB Lonnie Anderson
|
0-0: Ball 1-0: Foul Ball, location: 2F 1-1: Called Strike 1-2: Ball 2-2: Strikes out looking
|
Bottom of the 7th over - 1 run(s), 2 hit(s), 0 error(s), 1 left on base; Los Cabos 5 - New York 3 |
TOP OF THE 8TH |
Los Cabos Cartel batting - Pitching for New York Knights : RHP José Gómez
|
Now at 2B: Lonnie Anderson
|
|
Now in RF: Germán Charfauros
|
|
Pinch Hitting: RHB Danny Crouch
|
0-0: Called Strike 0-1: Ball 1-1: Ground out 5-3 (Groundball, 56)
|
Pinch Hitting: RHB Max Jones
|
0-0: Swinging Strike 0-1: Ground out 5-3 (Groundball, 56)
|
Pinch Hitting: LHB Frank Jackson
|
0-0: Ball 1-0: Ground out U3 (Groundball, 34)
|
Top of the 8th over - 0 run(s), 0 hit(s), 0 error(s), 0 left on base; Los Cabos 5 - New York 3 |
BOTTOM OF THE 8TH |
New York Knights batting - Pitching for Los Cabos Cartel : LHP Tom Miller
|
Now at 2B: Alberto Ramos
|
|
Now at 3B: Danny Crouch
|
|
Now in CF: Max Jones
|
|
Pinch Hitting: RHB Jacob Pope
|
0-0: Ball 1-0: Swinging Strike 1-1: Ball 2-1: Foul Ball, location: 2F 2-2: Strikes out looking
|
Pinch Hitting: RHB Tom Meyer
|
0-0: Foul Ball, location: 2F 0-1: Foul Ball, location: 2F 0-2: Foul Ball, location: 2F 0-2: Ball 1-2: Foul Ball, location: 2F 1-2: Fly out, F9 (Flyball, 89M)
|
Batting: RHB Bob Campbell
|
0-0: Ball 1-0: Swinging Strike 1-1: Ball 2-1: SINGLE (Line Drive, 8LS)
|
Batting: RHB Yasuhiko Sumita
|
0-0: Foul Ball, location: 2F 0-1: Swinging Strike 0-2: Ball 1-2: Strikes out swinging
|
Bottom of the 8th over - 0 run(s), 1 hit(s), 0 error(s), 1 left on base; Los Cabos 5 - New York 3 |
TOP OF THE 9TH |
Los Cabos Cartel batting - Pitching for New York Knights : RHP José Gómez
|
Now at 1B: Keith Green
|
|
Now in LF: Jacob Pope
|
|
Pinch Hitting: RHB Jesús Hernández
|
0-0: Foul Ball, location: 2F 0-1: Foul Ball, location: 2F 0-2: Foul Ball, location: 2F 0-2: Foul Ball, location: 2F 0-2: Foul Ball, location: 2F 0-2: Strikes out looking
|
Pinch Hitting: RHB Ángel Garza
|
0-0: Ball 1-0: DOUBLE (Line Drive, 5D)
|
Batting: SHB Rob Grun
|
0-0: Ball Ángel Garza steals 3rd base 1-0: Ball 2-0: Called Strike 2-1: Fly out, F7 (Flyball, 7LSF) Runner from 3rd tags up, SCORES, no throw
|
Batting: LHB Marc Brown
|
0-0: Swinging Strike 0-1: Ball 1-1: Ball 2-1: Ball 3-1: Single, Error in OF, E7, batter to second base
|
Batting: SHB Julián Madrid
|
0-0: Ball 1-0: Ball 2-0: 2-RUN HOME RUN (Flyball, 9LD), Distance : 357 ft
|
Pitching: RHP Steve Standard
|
|
Batting: RHB Yasuhiro Kobayashi
|
0-0: Called Strike 0-1: Ball 1-1: Ball 2-1: Fly out, F8 (Flyball, 89M)
|
Top of the 9th over - 3 run(s), 3 hit(s), 1 error(s), 0 left on base; Los Cabos 8 - New York 3 |
BOTTOM OF THE 9TH |
New York Knights batting - Pitching for Los Cabos Cartel : LHP Tom Miller
|
Now at SS: Franklin Shaw
|
|
Now in CF: António Magana
|
|
Pinch Hitting: RHB Xavier Feliciano
|
0-0: Ball 1-0: Called Strike 1-1: Ball 2-1: Ball 3-1: Base on Balls
|
Pinch Hitting: RHB Jesús Maestas
|
0-0: Foul Ball, location: 2F 0-1: Ball 1-1: Ball 2-1: Swinging Strike 2-2: Strikes out swinging
|
Pinch Hitting: RHB Anastasio García
|
0-0: Swinging Strike 0-1: Swinging Strike 0-2: Ball 1-2: Strikes out looking
|
Batting: LHB Germán Charfauros
|
0-0: Called Strike 0-1: Foul Ball, location: 2F 0-2: Foul Ball, location: 2F 0-2: Ball 1-2: Foul Ball, location: 2F 1-2: Strikes out swinging
|
Bottom of the 9th over - 0 run(s), 0 hit(s), 0 error(s), 1 left on base; Los Cabos 8 - New York 3 |
|